 Dungeon Crawl Stone Soup version 0.26.1-2-gb8aa6d0cf2 (webtiles) character file.

Game seed: 15448080611507561584

95 Gadfly the Ruffian (level 4, -5/44 HPs)
             Began as a Troll Monk on Feb 22, 2021.
             Killed by nerve-wracking pain
             ... invoked by Grinder
              (14 damage)
             ... on level 3 of the Dungeon.
             The game lasted 00:02:10 (1312 turns).

Gadfly the Ruffian (Troll Monk)                     Turns: 1312, Time: 00:02:10

Health: -5/44      AC:  7    Str: 20    XL:     4   Next: 39%
Magic:  3/3        EV: 11    Int:  6    God:
Gold:   85         SH:  0    Dex: 12    Spells: 3/3 levels left

rFire    + . .     SeeInvis .     - Unarmed
rCold    . . .     Faith    .   (no shield)
rNeg     . . .     Spirit   .   a - +1 robe
rPois    .         Reflect  .   (helmet restricted)
rElec    .         Harm     .   (no cloak)
rCorr    +         Rampage  .   (gloves unavailable)
Will     .....                  (boots unavailable)
Stlth    ++........             (no amulet)
HPRegen  0.54/turn              e - ring of resist corrosion
MPRegen  0.08/turn              g - ring of protection from fire

@: mighty
A: large, unfitting armour, claws 3, regeneration 1, shaggy fur 1, tough skin 3
a: no special abilities


You were on level 3 of the Dungeon.
You visited 1 branch of the dungeon, and saw 3 of its levels.

You collected 85 gold pieces.

Inventory:

Armour
 a - a +1 robe (worn)
Jewellery
 d - an uncursed ring of protection from fire
 e - a ring of resist corrosion (left claw)
 g - a ring of protection from fire (right claw)
Potions
 f - a potion of curing


   Skills:
 + Level 2.6 Fighting
 * Level 1.3 Armour
 * Level 3.0 Dodging
 - Level 1.0 Stealth
 * Level 3.6 Unarmed Combat
 * Level 1.2 Evocations


You had 3 spell levels left.
You didn't know any spells.
Your spell library contained the following spells:

 Spells                   Type           Power        Failure   Level
 Magic Dart               Conj           0%           45%         1
 Blink                    Tloc           N/A          58%         2
 Call Imp                 Summ           0%           58%         2
 Slow                     Hex            0%           58%         2
 Conjure Flame            Conj/Fire      0%           83%         3
 Mephitic Cloud           Conj/Pois/Air  0%           83%         3


Dungeon Overview and Level Annotations

Branches:
Dungeon (3/15)

Altars:
Fedhas
Sif Muna

Annotations:
D:3 Grinder


Innate Abilities, Weirdness & Mutations

You are too large for most types of armour.
You have claws for hands.
Your natural rate of healing is unusually fast.
You are covered in fur. (AC +1)
You have extremely tough skin. (AC +3)


Message History

Grinder gestures at you.
You suddenly lose the ability to move!
Grinder hits you but does no damage. x2
Grinder hits you.
You writhe in agony.
* * * LOW HITPOINT WARNING * * *
Grinder blinks!
You can move again.
Okay, then.
Grinder gestures at you. Pain shoots through your body!
* * * LOW HITPOINT WARNING * * *
You feel very mighty all of a sudden.
You claw Grinder!
Grinder is almost dead.
Grinder barely misses you.
You scratch Grinder.
Grinder is almost dead.
Grinder gestures at you. Pain shoots through your body!
You die...

.............
#............#
#............#
#............#
#............#
#...........#
#$..........#
#...........#
#...@5†.....#
#...........#
#...........#
#...........#
#...........#
#...........#
#...........########
#####..............#
##############.##


You could see Grinder.

Vanquished Creatures
  3 adders (D:3)
  An adder zombie (D:3)
  3 worms
  4 dart slugs
  2 leopard geckos (D:1)
  2 orcs (D:3)
  2 giant cockroaches (D:2)
  2 goblins (D:1)
  4 hobgoblins
  5 jackals
  A quokka (D:3)
  3 bats (D:1)
  2 frilled lizards (D:1)
  6 kobolds
  7 rats
47 creatures vanquished.

Notes
Turn   | Place    | Note
-------+----------+-------------------------------------------
     0 | D:1      | Gadfly the Troll Monk began the quest for the Orb.
     0 | D:1      | Reached XP level 1. HP: 22/22 MP: 0/0
    30 | D:1      | Reached XP level 2. HP: 19/29 MP: 1/1
   235 | D:1      | Reached XP level 3. HP: 30/36 MP: 2/2
   347 | D:1      | Reached skill level 1 in Armour
   525 | D:2      | Found a blossoming altar of Fedhas.
   656 | D:2      | Reached skill level 1 in Evocations
   918 | D:2      | Found a shimmering blue altar of Sif Muna.
  1121 | D:3      | Reached XP level 4. HP: 44/44 MP: 3/3
  1288 | D:3      | Noticed Grinder
  1294 | D:3      | Paralysed by Grinder for 5 turns
  1304 | D:3      | Paralysed by Grinder for 5 turns
  1312 | D:3      | Killed from afar by Grinder

Illustrated notes

Levels and vault maps discovered:
D:1:      dpeg_arrival_windows_large_door, layout_rooms
D:2:      layout_rooms, general_overflow_altar, minivault_4, minivault_26,
          chequers_serial_rivers_marsh, minivault_19, fedhas_altar_3
D:3:      minmay_thinvault, layout_basic, lemuel_doored_altar, zin_scriptorium,
          grunt_decor_cap, nrook_loot_triangle, uniq_grinder

Skill      XL: |  1  2  3  4 |
---------------+-------------+-----
Armour         | 1 |  1.3
Evocations     | 1 |  1.2
Dodging        | 3 |  3.0
Fighting       | |  2.6
Stealth        | |  1.0
Unarmed Combat | |  3.6

Action                   |  1- 3 |  4- 6 || total
-------------------------+-------+-------++-------
Melee: Unarmed           |   106 |    23 ||   129
       Punch             |       |     1 ||     1
  Use: Scroll            |     6 |     1 ||     7
       Potion            |     1 |     1 ||     2
 Stab: Sleeping          |     2 |       ||     2
Armor: Robe              |    40 |     8 ||    48
Dodge: Dodged            |    59 |     6 ||    65
